 Dungeon Crawl Stone Soup version 0.27.1-35-g4d5d836560 (webtiles) character file.

Game seed: 3901962151802780515

235 Delamore the Sneak (level 6, -3/39 HPs)
             Began as an Octopode Brigand on Apr 14, 2022.
             Slain by a gnoll shaman (9 damage)
             ... on level 4 of the Dungeon.
             The game lasted 00:03:09 (2771 turns).

Delamore the Sneak (Octopode Brigand)               Turns: 2771, Time: 00:03:10

Health: -3/39      AC:  1    Str: 11    XL:     6   Next: 5%
Magic:  6/6        EV: 12    Int: 13    God:
Gold:   156        SH:  0    Dex: 15    Spells: 5/5 levels left

rFire    . . .     SeeInvis .   j - +2 dagger (vamp)
rCold    . . .     Faith    .   (no shield)
rNeg     . . .     Spirit   .   (helmet restricted)
rPois    .         Reflect  .   m - amulet of regeneration
rElec    .         Harm     .   (no ring)
rCorr    .         Rampage  .   (no ring)
Will     .....                  (no ring)
Stlth    +++++.....             (no ring)
HPRegen  1.13/turn              (no ring)
MPRegen  0.10/turn              (no ring)
                                (no ring)
                                (no ring)

@: no status effects
A: almost no armour, amphibious, 8 rings, camouflage 1, gelatinous body 1,
(nimble swimmer 1), tentacles
a: no special abilities


You were on level 4 of the Dungeon.
You visited 1 branch of the dungeon, and saw 4 of its levels.
You also visited: Sewer.

You collected 156 gold pieces.

Inventory:

Hand Weapons
 a - a +2 dagger
 i - a +0 rapier
 j - a +2 vampiric dagger (weapon)
 t - a +2 short sword of venom
Missiles
 b - 44 poisoned darts (quivered)
 c - 2 curare-tipped darts
 l - a throwing net
Jewellery
 m - an amulet of regeneration (around mantle)
Scrolls
 f - a scroll of fog
 k - a scroll of noise
 s - 2 scrolls of teleportation
Potions
 d - a potion of mutation {unknown}
 e - a potion of degeneration {unknown}
 g - 2 potions of heal wounds {unknown}
 h - 5 potions of might {unknown}
 n - a potion of curing {unknown}
 o - a potion of magic {unknown}
 p - a potion of brilliance {unknown}
 q - a potion of cancellation {unknown}
 r - a potion of haste {unknown}


   Skills:
 - Level 2.0 Fighting
 * Level 5.1 Short Blades
 - Level 2.0 Throwing
 - Level 1.0 Dodging
 + Level 7.1 Stealth


You had 5 spell levels left.
You didn't know any spells.
Your spell library contained the following spells:

 Spells                   Type           Power      Damage    Failure   Level
 Summon Guardian Golem    Hex/Summ       0%         N/A       67%         3
 Orb of Destruction       Conj           0%         N/A       100%        7
 Spellforged Servitor     Conj/Summ      0%         N/A       100%        7


Dungeon Overview and Level Annotations

Branches:
Dungeon (4/15)              Sewer (visited)
 Temple: D:4-7

Altars:
Cheibriados

Shops:
D:2 =


Innate Abilities, Weirdness & Mutations

You cannot wear most types of armour.
You are amphibious.
You can wear up to eight rings at the same time.
Your skin changes colour to match your surroundings (Stealth+).
Your rubbery body absorbs attacks. (AC +1, EV +1)
((You are camouflaged near water. (Stealth+)))
You have tentacles for arms and can constrict up to eight enemies at once.


Message History

You hit the gnoll. You grab the gnoll.
The gnoll is lightly wounded.
You constrict the gnoll.
The gnoll hits you with a +2 halberd of freezing!
The gnoll freezes you.
You hit the gnoll but do no damage. You squeeze the gnoll.
The gnoll is severely wounded.
You constrict the gnoll. The gnoll barely misses you.
The gnoll shaman hits you with a +0 club!
You hit the gnoll.
You feel better.
You kill the gnoll!
You hit the gnoll shaman but do no damage.
You grab the gnoll shaman. You constrict the gnoll shaman.
The gnoll hits you with a +0 whip. The gnoll shaman barely misses you.
You hit the gnoll shaman.
You feel better.
The gnoll shaman is moderately wounded.
You constrict the gnoll shaman, but do no damage.
The gnoll barely misses you. The gnoll shaman closely misses you.
You hit the gnoll shaman.
You feel better.
The gnoll shaman is moderately wounded.
You constrict the gnoll shaman. The gnoll barely misses you.
The gnoll shaman hits you with a +0 club!
You hit the gnoll shaman.
You feel better.
The gnoll shaman is heavily wounded.
You constrict the gnoll shaman. The gnoll misses you.
You hit the gnoll shaman but do no damage.
The gnoll shaman is heavily wounded.
You constrict the gnoll shaman. The gnoll shaman barely misses you.
You hit the gnoll shaman.
The gnoll shaman is severely wounded.
You constrict the gnoll shaman, but do no damage.
The gnoll hits you with a +0 whip.
The gnoll shaman hits you with a +0 club!
* * * LOW HITPOINT WARNING * * *
You hit the gnoll shaman.
You feel better.
The gnoll shaman is severely wounded.
You constrict the gnoll shaman. The gnoll hits you with a +0 whip.
* * * LOW HITPOINT WARNING * * *
The gnoll shaman hits you with a +0 club!
You die...

##### .... #..# #..# #
#)g# .. #g@# ##### ...
#####.)####...######...
...$.......'...+.....>..
#####..##.##...###<.....
#........(..........
#.###+#..)...###.... #.
.........# .... ..
#.........# #+# ##.
#.....#####


You could see a gnoll shaman and a gnoll.

Vanquished Creatures
  Purgy (Sewer)
  An orc wizard (D:3)
  2 gnolls (D:4)
  An adder (D:3)
  A river rat (D:3)
  A worm (D:2)
  A dart slug (D:2)
  5 orcs (D:3)
  8 ball pythons
  4 bats
  5 endoplasms
  3 giant cockroaches
  4 goblins
  5 hobgoblins
  9 jackals
  5 kobolds
  3 quokkas
  3 frilled lizards (Sewer)
  10 rats
72 creatures vanquished.

Notes
Turn   | Place    | Note
-------+----------+-------------------------------------------
     0 | D:1      | Delamore the Octopode Brigand began the quest for the Orb.
     0 | D:1      | Reached XP level 1. HP: 14/14 MP: 1/1
   191 | D:1      | Reached XP level 2. HP: 11/19 MP: 2/2
   731 | D:1      | Found a faded altar of an unknown god.
  1220 | D:2      | Reached XP level 3. HP: 24/24 MP: 3/3
  1696 | D:2      | Reached skill level 6 in Stealth
  1830 | D:2      | Found Peoxt's Jewellery Shoppe.
  1847 | D:2      | Found a snail-covered altar of Cheibriados.
  2020 | D:3      | Reached XP level 4. HP: 29/29 MP: 4/4
  2030 | D:3      | Found a glowing drain.
  2042 | Sewer    | Entered a sewer
  2065 | Sewer    | Noticed Purgy
  2157 | Sewer    | Killed Purgy
  2158 | Sewer    | Reached XP level 5. HP: 9/34 MP: 5/5
  2661 | D:3      | Reached skill level 5 in Short Blades
  2661 | D:3      | Reached skill level 7 in Stealth
  2760 | D:4      | Reached XP level 6. HP: 39/39 MP: 6/6
  2771 | D:4      | Slain by a gnoll shaman

Illustrated notes

Levels and vault maps discovered:
D:1:      dpeg_arrival_tiny_h, layout_basic, dilly_ecumenical_altar_fadedgnrine
D:2:      layout_basic, basic_altar, serial_shops, shop
D:3:      layout_rooms, portal_sewer_entry_e, columned_hall_lemuel,
          hangedman_decor_slide_cut, hangedman_decor_lopped
D:4:      layout_basic, serial_curves, eino_curves_02, eino_curves_01,
          eino_curves_04, eino_curves_03, lightli_ossuary_entry_decrepit_ruins

Skill      XL: |  1  2  3  4  5 |
---------------+----------------+-----
Short Blades   | 3 4 5 |  5.1
Stealth        | 6 7 |  7.1
Fighting       | |  2.0
Throwing       | |  2.0
Dodging        | |  1.0

Action                   |  1- 3 |  4- 6 || total
-------------------------+-------+-------++-------
Melee: Dagger            |    87 |    86 ||   173
       Constrict         |    18 |    13 ||    31
       Tentacles         |    12 |    14 ||    26
Throw: Dart              |       |     7 ||     7
  Use: Scroll            |     2 |     1 ||     3
 Stab: Sleeping          |    16 |     9 ||    25
Armor: Skin              |     9 |     1 ||    10
Dodge: Dodged            |    46 |    52 ||    98
